 Dungeon Crawl Stone Soup version 0.21.0-22-g11d5b52 (webtiles) character file.

2400 cageyblood the Fighter (level 9, 0/89 HPs)
             Began as a Minotaur Fighter on Jan 18, 2018.
             Was a Priest of Wu Jian.
             Slain by a killer bee (2 damage)
             ... on level 8 of the Dungeon.
             The game lasted 00:53:02 (7423 turns).

cageyblood the Fighter (Minotaur Fighter)           Turns: 7423, Time: 00:53:03

Health: 0/89       AC: 12    Str: 23    XL:     9   Next: 23%
Magic:  8/8        EV:  7    Int:  6    God:    Wu Jian [***...]
Gold:   469        SH:  9    Dex: 10    Spells: 8/8 levels left

rFire    . . .     SeeInvis .   a - +1 war axe
rCold    . . .     Gourm    .   c - +0 shield
rNeg     . . .     Faith    +   b - +0 scale mail
rPois    .         Spirit   .   (helmet restricted)
rElec    .         Reflect  .   l - +0 cloak
rCorr    .         Harm     .   g - +0 pair of gloves
MR       .....                  m - +2 pair of boots
Stlth    ..........             B - amulet of faith
HPRegen  0.24/turn              (no ring)
MPRegen  0.11/turn              (no ring)

@: about to teleport
A: retaliatory headbutt, horns 2
a: Wall Jump, Serpent's Lash, Renounce Religion


You were on level 8 of the Dungeon.
You worshipped Wu Jian.
Wu Jian was most pleased with you.
You were very hungry.

You visited 2 branches of the dungeon, and saw 9 of its levels.

You collected 469 gold pieces.

Inventory:

Hand Weapons
 a - a +1 war axe (weapon)
 h - a +0 hand axe
 p - a +3 hand axe of draining
 D - a +3 vampiric morningstar
Armour
 b - a +0 scale mail (worn)
 c - a +0 shield (worn)
 g - a +0 pair of gloves (worn)
 i - a +0 robe
 k - a +0 cloak
 l - a +0 cloak (worn)
 m - a +2 pair of boots (worn)
 r - a +0 ring mail
 A - a +2 robe of the Archmagi
Jewellery
 e - an uncursed ring of magical power {unknown}
 B - an amulet of faith (around neck)
Scrolls
 n - 4 scrolls of identify
 o - 2 scrolls of fear
 q - 4 scrolls of remove curse
 s - 6 scrolls of teleportation {unknown}
 t - a scroll of immolation {unknown}
 x - a scroll of blinking {unknown}
 y - 3 scrolls of amnesia {unknown}
 z - 2 scrolls of magic mapping {unknown}
 F - a scroll of enchant armour {unknown}
 G - a scroll of fog {unknown}
 H - a scroll of enchant weapon
Potions
 d - 2 potions of might
 j - 5 potions of curing
 u - 2 potions of lignification {unknown}
 v - a potion of magic {unknown}
 w - a potion of ambrosia {unknown}
 C - a potion of haste
 E - a potion of brilliance {unknown}
 I - a potion of agility {unknown}
Comestibles
 f - 11 rations
 J - 8 chunks of flesh


   Skills:
 + Level 11.0 Fighting
 + Level 10.6 Axes
 - Level 3.7 Armour
 - Level 3.7 Shields


You had 8 spell levels left.
You didn't know any spells.

Dungeon Overview and Level Annotations

Branches:
Dungeon (8/15)             Temple (1/1) D:5
   Lair: D:8-11

Altars:
Ashenzari
Dithmenos
Elyvilon
Gozag
Kikubaaqudgha
Makhleb
Okawaru
Qazlal
Ru
Sif Muna
Uskayaw
Wu Jian
Xom
Zin
The Shining One

Annotations:
D:8 Psyche


Innate Abilities, Weirdness & Mutations

You reflexively headbutt those who attack you in melee.
You have a pair of horns on your head.


Message History

The killer bee poisons you!
You feel better.
Psyche hits you with a dagger of distortion.
Space warps horribly around you!
* * * LOW HITPOINT WARNING * * *
The killer bee closely misses you. You block the killer bee's attack.
Psyche toys with her hair.
Psyche hits you but does no damage. The killer bee stings you.
* * * LOW HITPOINT WARNING * * *
The killer bee closely misses you.
You slash the killer bee!
You kill the killer bee!
The Council accepts your kill.
Your Fighting skill increases to level 11!
You closely miss the killer bee. You hit Psyche.
Psyche points at you and mumbles some strange words.
The puff of flame hits you!
* * * LOW HITPOINT WARNING * * *
The killer bee stings you.
You die...

#.##### #.#
#H#...###.#
#.#.#.....#
#######.....# ###
..........)#####
##.............##
#.######..##..(####.#
# ##@H.....(.....
#@y###...####. #†##
##.## #.# #.#
#.#####.# ......#)#
#####..)## #.......#
#.##..#)# # #..#.#


You could see a hippogriff, Psyche and a killer bee.

Vanquished Creatures
  Menkaure (D:7)
  Edmund (D:6)
  An orc warrior (D:7)
  A phantom (D:6)
  2 ogres
  A centaur (D:7)
  2 gnoll sergeants
  2 bullfrogs
  2 scorpions
  7 killer bees
  3 howler monkeys
  4 crimson imps
  3 hounds
  An orc priest (D:4)
  A jelly (D:7)
  4 orc wizards
  Jessica (D:3)
  2 iguanas (D:8)
  Natasha (twice) (D:3)
  4 worker ants
  A howler monkey zombie (D:6)
  12 adders
  9 gnolls
  A shadow imp (D:5)
  2 oozes
  An adder skeleton (D:6)
  3 worms
  3 dart slugs
  6 leopard geckos
  19 orcs
  4 ball pythons
  8 bats
  4 giant cockroaches
  3 goblins
  10 hobgoblins
  8 jackals
  2 quokkas
  2 frilled lizards
  5 kobolds
  2 leopard gecko skeletons
  A quokka skeleton (D:7)
  2 quokka zombies
  8 rats
  A bush (D:4)
162 creatures vanquished.

Notes
Turn   | Place    | Note
-------+----------+-------------------------------------------
     0 | D:1      | cageyblood the Minotaur Fighter began the quest for the Orb.
     0 | D:1      | Reached XP level 1. HP: 19/19 MP: 0/0
   161 | D:1      | Reached skill level 4 in Fighting
   161 | D:1      | Reached XP level 2. HP: 23/27 MP: 1/1
   836 | D:1      | Reached XP level 3. HP: 34/34 MP: 2/2
  1106 | D:2      | Found an ornate altar of the Wu Jian Council.
  1137 | D:2      | Became a worshipper of the Wu Jian Council
  1322 | D:2      | Reached XP level 4. HP: 36/41 MP: 3/3
  1421 | D:2      | Reached skill level 5 in Fighting
  1562 | D:2      | Found a white marble altar of Elyvilon.
  1741 | D:2      | Found a sacrificial altar of Ru.
  1756 | D:2      | Found a shattered altar of Ashenzari.
  2026 | D:2      | Found an iron altar of Okawaru.
  2027 | D:2      | Found a shadowy altar of Dithmenos.
  2281 | D:3      | Reached * piety under Wu Jian
  2734 | D:3      | Noticed Natasha
  2740 | D:3      | Killed Natasha
  2740 | D:3      | Reached XP level 5. HP: 48/48 MP: 4/4
  2914 | D:3      | Noticed Natasha
  2919 | D:3      | Noticed Jessica
  2936 | D:3      | Killed Natasha
  2936 | D:3      | Reached skill level 5 in Axes
  2957 | D:3      | Killed Jessica
  3241 | D:4      | Found a glowing drain.
  3266 | D:4      | Reached skill level 6 in Fighting
  3443 | D:4      | Found an opulent altar of Gozag.
  3618 | D:4      | Reached XP level 6. HP: 39/57 MP: 5/5
  3742 | D:4      | Found a glowing silver altar of Zin.
  3851 | D:4      | Found a stormy altar of Qazlal.
  4150 | D:5      | Entered Level 5 of the Dungeon
  4574 | D:5      | Reached skill level 7 in Fighting
  4643 | D:5      | Reached XP level 7. HP: 66/66 MP: 6/6
  4735 | D:5      | Reached ** piety under Wu Jian
  4747 | D:5      | Found a staircase to the Ecumenical Temple.
  5117 | D:5      | Found a glowing golden altar of the Shining One.
  5183 | Temple   | Entered the Ecumenical Temple
  5505 | D:6      | Noticed Edmund
  5514 | D:6      | Killed Edmund
  5514 | D:6      | Reached skill level 8 in Fighting
  5895 | D:6      | Reached XP level 8. HP: 75/75 MP: 7/7
  6117 | D:7      | Reached skill level 9 in Fighting
  6319 | D:7      | Reached *** piety under Wu Jian
  6395 | D:7      | Reached skill level 10 in Fighting
  6558 | D:7      | Noticed Menkaure
  6577 | D:7      | Killed Menkaure
  6577 | D:7      | Reached skill level 10 in Axes
  6885 | D:7      | Found a burning altar of Makhleb.
  6974 | D:7      | Found a deep blue altar of Sif Muna.
  7175 | D:8      | Noticed Psyche
  7260 | D:8      | Reached XP level 9. HP: 85/86 MP: 8/8
  7423 | D:8      | Reached skill level 11 in Fighting
  7423 | D:8      | HP: 2/89 [Psyche/puff of flame (13)]
  7423 | D:8      | Slain by a killer bee

Skill      XL: |  1  2  3  4  5  6  7  8  9 |
---------------+----------------------------+-----
Fighting       | 4 5 6 7 8 10 11 | 11.0
Axes           | 3 4 5 6 8 10 | 10.6
Armour         | |  3.7
Shields        | |  3.7

Action                   |  1- 3 |  4- 6 |  7- 9 || total
-------------------------+-------+-------+-------++-------
Melee: War axe           |    18 |   109 |   220 ||   347
       Headbutt          |    12 |    41 |    43 ||    96
       Hand axe          |    93 |    92 |       ||   185
       Unarmed           |       |    19 |       ||    19
Invok: Lunge             |     1 |     9 |    15 ||    25
       Whirlwind         |       |     6 |     7 ||    13
       Wall Jump         |       |       |    13 ||    13
  Use: Scroll            |     4 |     5 |       ||     9
       Potion            |       |       |     6 ||     6
  Eat: Chunk             |     1 |    10 |     9 ||    20
Armor: Scale mail        |    47 |    76 |    78 ||   201
Dodge: Dodged            |    20 |    52 |    59 ||   131
Block: Shield            |    67 |    75 |   111 ||   253
